 Dungeon Crawl Stone Soup version 0.27-a0-1081-ge8a0a9c698 (webtiles) character file.

Game seed: 15573194654967856286

531 tardwrangler69 the Spear-Bearer (level 7, -2/55 HPs)
             Began as a Merfolk Gladiator on Apr 25, 2021.
             Succumbed to Dowan's poison
             ... on level 5 of the Dungeon.
             The game lasted 00:05:37 (4863 turns).

tardwrangler69 the Spear-Bearer (Merfolk Gladiator) Turns: 4863, Time: 00:05:38

Health: -2/55      AC:  4    Str: 16    XL:     7   Next: 24%
Magic:  7/7        EV: 14    Int:  8    God:
Gold:   516        SH:  0    Dex: 15    Spells: 6/6 levels left

rFire    . . .     SeeInvis .   a - +1 trident
rCold    . . .     Faith    .   (no shield)
rNeg     . . .     Spirit   .   b - +1 leather armour
rPois    .         Reflect  .   (helmet restricted)
rElec    .         Harm     .   (no cloak)
rCorr    .         Rampage  .   (no gloves)
Will     .....     Clarity  +   (no boots)
Stlth    +.........             (no amulet)
HPRegen  0.18/turn              (no ring)
MPRegen  0.10/turn              (no ring)

@: mighty, lethally poisoned (-2 -> -22)
A: (nimble swimmer 2), mertail, antennae 1, clarity, inability to read while
threatened
a: no special abilities


You were on level 5 of the Dungeon.
You visited 1 branch of the dungeon, and saw 5 of its levels.

You collected 516 gold pieces.

Inventory:

Hand Weapons
 a - a +1 trident (weapon)
Missiles
 d - 3 throwing nets (quivered)
 g - 6 curare-tipped darts
 h - 4 poisoned darts
 j - 5 javelins
Armour
 b - a +1 leather armour (worn)
Jewellery
 c - a +6 ring of strength
 f - a ring of fire
Wands
 l - a wand of digging (7)
Scrolls
 i - a scroll of identify
Potions
 e - 2 potions of mutation


   Skills:
 + Level 4.5 Fighting
 * Level 8.8 Polearms
 - Level 2.0 Throwing
 + Level 6.3 Dodging


You had 6 spell levels left.
You didn't know any spells.
Your spell library contained the following spells:

 Spells                   Type           Power      Damage    Failure   Level
 Animate Skeleton         Necr           0%         N/A       47%         1
 Apportation              Tloc           0%         N/A       47%         1
 Corona                   Hex            0%         N/A       47%         1
 Summon Small Mammal      Summ           0%         N/A       47%         1
 Confusing Touch          Hex            0%         N/A       85%         3
 Gell's Gravitas          Tloc           0%         N/A       85%         3
 Petrify                  Tmut/Erth      0%         N/A       99%         4
 Metabolic Englaciation   Hex/Ice        0%         N/A       100%        5
 Yara's Violent Unravell  Hex/Tmut       0%         3d3       100%        5


Dungeon Overview and Level Annotations

Branches:
Dungeon (5/15)
 Temple: D:4-7

Altars:

Annotations:
D:3 Ijyb
D:5 Dowan, Duvessa


Innate Abilities, Weirdness & Mutations

((You are quick and stealthy near water. (Stealth+, EV+, Speed+++)))
Your lower body shifts to a powerful aquatic tail in water.
You have a pair of small antennae on your head.
You possess an exceptional clarity of mind.
You sometimes lose the ability to read scrolls when taking damage.


Message History

Dowan hits you with a +1 dagger of venom.
You are poisoned.
You hit Duvessa.
Duvessa is lightly wounded.
You feel sick.
Duvessa drinks a potion.
Duvessa seems to speed up.
Dowan points at you and mumbles some strange words.
The puff of frost hits you.
You hit Duvessa.
Duvessa is lightly wounded.
Duvessa hits you with a +0 rapier. Dowan casts a spell at you.
The puff of flame hits you. You resist. Duvessa hits you with a +0 rapier!
You feel very mighty all of a sudden.
You feel sick. Dowan closely misses you. Duvessa hits you with a +0 rapier.
You puncture Duvessa!
Duvessa is moderately wounded.
You feel sick. Duvessa hits you with a +0 rapier!
* * * LOW HITPOINT WARNING * * *
Dowan hits you with a +1 dagger of venom.
* * * LOW HITPOINT WARNING * * *
You are lethally poisoned!
Okay, then.
Okay, then.
You puncture Duvessa!
Duvessa is severely wounded.
* * * LOW HITPOINT WARNING * * *
You feel very sick. Duvessa hits you with a +0 rapier.
* * * LOW HITPOINT WARNING * * *
Dowan hits you but does no damage.
You are more poisoned.
Duvessa hits you with a +0 rapier.
* * * LOW HITPOINT WARNING * * *
Really quaff the potion of mutation?
You feel extremely strange.
Your iridescent scales disappear.
You no longer feel heat resistant.
The antennae on your head shrink away. A pair of antennae grows on your head!
You lose the ability to read scrolls when threatened.
Your thoughts seem clearer.
You die...

#...# #...# #...#
######### #...# ##
........########...####.
.......<............##..
......e@.?..............
.......e##............##
.......)...#########.##
.........### #...
............# ####.
.........##....# ....
....!..... .... .#..
.........## #.. ....
..##...... . ###.


You could see Duvessa (fast) and Dowan.

Vanquished Creatures
  An ice beast (D:4)
  A necrophage (D:4)
  A scorpion (D:4)
  An orc priest (D:3)
  Jessica (D:2)
  3 orc wizards
  7 adders
  A white imp (D:4)
  An ufetubus (D:4)
  2 adder skeletons (D:4)
  2 worms
  The ghost of Shayle the Sneak, a weakling DjDe (D:4)
  A dart slug (D:1)
  6 orcs
  6 endoplasms
  4 giant cockroaches
  4 goblins
  5 hobgoblins
  2 jackals (D:1)
  6 kobolds
  5 quokkas
  4 ball pythons
  3 bats
  4 frilled lizards
  7 rats
79 creatures vanquished.

Notes
Turn   | Place    | Note
-------+----------+-------------------------------------------
     0 | D:1      | tardwrangler69 the Merfolk Gladiator began the quest for
                  | the Orb.
     0 | D:1      | Reached XP level 1. HP: 16/16 MP: 1/1
   332 | D:1      | Reached XP level 2. HP: 23/23 MP: 2/2
   392 | D:1      | Reached skill level 5 in Polearms
   869 | D:1      | Reached XP level 3. HP: 28/28 MP: 3/3
  1359 | D:2      | Noticed Jessica
  1364 | D:2      | Killed Jessica
  1507 | D:2      | Reached XP level 4. HP: 34/34 MP: 4/4
  1631 | D:2      | Found a faded altar of an unknown god.
  1926 | D:2      | Reached skill level 6 in Polearms
  2249 | D:3      | Identified a scroll of acquirement
  2250 | D:3      | Acquired 296 gold pieces
  2255 | D:3      | Noticed Ijyb
  2273 | D:3      | Gained mutation: You have a pair of small antennae on your
                  | head. [potion of mutation]
  2273 | D:3      | Gained mutation: You are partially covered in iridescent
                  | scales. (AC +2) [potion of mutation]
  2273 | D:3      | Gained mutation: Your flesh is heat resistant. (rF+)
                  | [potion of mutation]
  3193 | D:3      | Reached skill level 5 in Dodging
  3193 | D:3      | Reached XP level 5. HP: 32/41 MP: 5/5
  3293 | D:3      | Reached skill level 7 in Polearms
  3723 | D:4      | Found a runed translucent door.
  3723 | D:4      | Noticed a necrophage
  3772 | D:4      | Noticed an ice beast
  3786 | D:4      | Killed an ice beast
  3787 | D:4      | Reached XP level 6. HP: 48/48 MP: 6/6
  3905 | D:4      | Noticed Shayle's ghost (weakling DjDe)
  3936 | D:4      | Identified the +4 hand crossbow of the Wizarding Shrike
                  | {speed, Str+9}
  4123 | D:4      | Killed a necrophage
  4124 | D:4      | Reached skill level 8 in Polearms
  4231 | D:4      | Killed Shayle's ghost
  4263 | D:5      | Entered Level 5 of the Dungeon
  4263 | D:5      | Noticed Duvessa
  4263 | D:5      | Noticed Dowan
  4435 | D:4      | Reached XP level 7. HP: 39/54 MP: 7/7
  4862 | D:5      | HP: 2/55 [Duvessa/+0 rapier (4)]
  4863 | D:5      | Lost mutation: You are partially covered in iridescent
                  | scales. (AC +2) [potion of mutation]
  4863 | D:5      | Lost mutation: Your flesh is heat resistant. (rF+) [potion
                  | of mutation]
  4863 | D:5      | Lost mutation: You have a pair of small antennae on your
                  | head. [potion of mutation]
  4863 | D:5      | Gained mutation: You have a pair of small antennae on your
                  | head. [potion of mutation]
  4863 | D:5      | Gained mutation: You sometimes lose the ability to read
                  | scrolls when taking damage. [potion of mutation]
  4863 | D:5      | Gained mutation: You possess an exceptional clarity of
                  | mind. [potion of mutation]
  4863 | D:5      | Succumbed to Dowan's poison

Illustrated notes

Levels and vault maps discovered:
D:1:      dpeg_arrival_erosion, layout_basic, serial_co_window_serial,
          co_window_paths_a, co_window_of_opportunity_a, co_window_corner_a,
          co_window_corner_a, co_window_paths_a, co_window_corner_b,
          co_window_corner_cb, co_window_cross_3, co_window_paths_d,
          co_window_paths_e, glass_columns_a, glass_columns_b, glass_columns_b,
          glass_columns_a, moated_statue
D:2:      layout_loops_ring, basic_ecumenical_altar, uniq_jessica
D:3:      minmay_skewed_foursquare, layout_basic, uniq_ijyb
D:4:      layout_rooms, ebering_ghost_sewer_d, chequers_avenue,
          minmay_checkerbox
D:5:      layout_rooms, minmay_temple_entry_offerings, serial_shops, shop,
          uniq_duvessa

Skill      XL: |  1  2  3  4  5  6 |
---------------+-------------------+-----
Polearms       | 5 6 7 8 |  8.8
Fighting       | 3 4 |  4.5
Dodging        | 5 6 |  6.3
Throwing       | |  2.0

Action                   |  1- 3 |  4- 6 |  7- 9 || total
-------------------------+-------+-------+-------++-------
Melee: Trident           |    77 |   181 |    23 ||   281
  Use: Potion            |       |     9 |     2 ||    11
       Scroll            |       |     6 |       ||     6
 Stab: Sleeping          |     1 |     1 |       ||     2
Armor: Leather armour    |    11 |    43 |     8 ||    62
Dodge: Dodged            |    39 |   101 |    19 ||   159

Table legend: (Time is in decaauts)
 A = Elapsed time spent in this place.
 B = Non-inter-level travel time spent in this place.
 C = Inter-level travel time spent in this place.
 D = Time resting spent in this place.
 E = Time spent auto-exploring this place.
 F = Levels seen in this place.
 G = Mean time per level.
                   A        B        C        D        E       F      G
               +--------+--------+--------+--------+--------+-----+--------+
         Total |   4846 |   4595 |    251 |    317 |   3655 |   5 |  969.2 |
       Dungeon |   4846 |   4595 |    251 |    317 |   3655 |   5 |  969.2 |
               +--------+--------+--------+--------+--------+-----+--------+

Top non-repeatable levels by time:
     D:2: 1563 daAuts
     D:1: 1223 daAuts
     D:4: 1008 daAuts
     D:3: 959 daAuts
     D:5: 90 daAuts
